cohdb
Replays
Latest Replays
All Replays
Popular Replays
Top Player Replays
Match Explorer
How It Works
Community
CoH3 Stats
Reddit
Sign in to upload your games and track your stats! →
Sign in with Steam
Match 42927053
Unlisted
Match 42927053
Overview
Messages
Build Orders
End
Construct Barracks
Scout Squad
Riflemen Squad
Riflemen Squad
Construct Weapon Support Center
M1919 Machine Gun Team
M1 Mortar Team
M1919 Machine Gun Team
Riflemen Squad
Mechanized Support Center
M3 Armored Personnel Carrier
M3 Armored Personnel Carrier
Riflemen Squad
Engineer Squad
Construct Medical Station
Scout Squad
Selects Heavy Weapons
Construct Tank Depot
Grenade Package
matrix4x4
Jaliteng
0
0
Comments
sign in to comment!
No comments posted yet!